 Dungeon Crawl Stone Soup version 0.19.3-1-g3169bf9 (webtiles) character file.

15940 Jerry the Slicer (level 12, -3/66 HPs)
             Began as a Vine Stalker Berserker on Jan 25, 2017.
             Was a High Priest of Trog.
             Slain by a red devil
             ... wielding a +0 trident
              (14 damage)
             ... on level 12 of the Dungeon.
             The game lasted 00:34:46 (10079 turns).

Jerry the Slicer (Vine Stalker Berserker)          Turns: 10079, Time: 00:34:49

Health: -3/66      AC: 14    Str: 20    XL:     12   Next: 32%
Magic:  0/4        EV: 12    Int: 16    God:    Trog [*****.]
Gold:   509        SH:  0    Dex: 15    Spells: 0 memorised, 11 levels left

rFire  + . .     SeeInvis .     J - +12 rapier "Hydrabane" {antimagic, *Contam Int+9}
rCold  + + .     Gourm    .     M - +2 scale mail of Knowledge {rPois rF+ rC+ rN+}
rNeg   + + .     Faith    .     (no shield)
rPois  +         Spirit   +     b - +1 helmet
rElec  +         Reflect  .     (no cloak)
rCorr  .         Harm     .     n - +0 pair of gloves
MR     ++...     Rnd*Tele +     (no boots)
Stlth  ..........               (no amulet)
                                P - ring of Rausapit {rElec rC+ rN+ MR+ Dex-4}
                                i - ring of teleportation (curse)

@: exhausted, slowed, very slow
A: fangs 3, regeneration 2, magic shield, antimagic bite, no device heal 3, rot
immunity
a: Berserk, Trog's Hand, Brothers in Arms, Burn Spellbooks, Renounce Religion


You were on level 12 of the Dungeon.
You worshipped Trog.
Trog was extremely pleased with you.
You were hungry.

You visited 1 branch of the dungeon, and saw 12 of its levels.

You collected 782 gold pieces.
You spent 273 gold pieces at shops.

Inventory:

Hand Weapons
 E - a +0 rapier
 J - the +12 rapier "Hydrabane" (weapon) {antimagic, *Contam Int+9}
   (Trog gifted it to you on level 8 of the Dungeon)

   It reduces the magical energy of the wielder, and disrupts the spells and
   magical abilities of those hit.
   Natural abilities and divine invocations are not affected.
   It affects your intelligence (+9).
   It causes magical contamination when unequipped.
 Q - a +6 antimagic quick blade
Armour
 b - a +1 helmet (worn)
 n - a +0 pair of gloves (worn)
 w - +0 ice dragon scales
 M - the +2 scale mail of Knowledge (worn) {rPois rF+ rC+ rN+}
   (You found it on level 7 of the Dungeon)

   It protects you from fire.
   It protects you from cold.
   It protects you from poison.
   It protects you from negative energy.
Rods
 j - a -1 lightning rod (14/14)
   (You found it on level 11 of the Dungeon)
Jewellery
 i - a cursed ring of teleportation (left hand)
 s - an uncursed ring of flight
 P - the ring of Rausapit (right hand) {rElec rC+ rN+ MR+ Dex-4}
   (You took it off an orc wizard on level 7 of the Dungeon)

   [ring of protection from magic]

   It affects your dexterity (-4).
   It protects you from cold.
   It insulates you from electricity.
   It protects you from negative energy.
   It affects your resistance to hostile enchantments.
Wands
 y - a wand of random effects (28/48)
 G - a wand of disintegration (9/24)
 H - a wand of flame (12/48)
 S - a wand of flame (31/48)
Scrolls
 f - 2 scrolls of amnesia {unknown}
 h - 8 scrolls of teleportation
 k - 2 scrolls of immolation {unknown}
 q - 5 scrolls of identify {unknown}
 r - 5 scrolls of enchant armour {unknown}
 u - 2 scrolls of recharging {unknown}
 v - a scroll of fog {unknown}
 A - 5 scrolls of remove curse
 F - a scroll of magic mapping {unknown}
 K - a scroll of noise {unknown}
 V - a scroll of random uselessness {unknown}
 W - 2 scrolls of enchant weapon
Potions
 d - 7 potions of curing
 e - a potion of brilliance {unknown}
 g - 3 potions of degeneration {unknown}
 l - 3 potions of mutation {unknown}
 p - a potion of berserk rage {unknown}
 t - a potion of flight {unknown}
 x - a potion of might {unknown}
 z - a potion of heal wounds {unknown}
 B - a potion of haste
 C - a potion of ambrosia
 I - a potion of agility {unknown}
 L - a potion of magic {unknown}
Books
 a - a book of Callings

   Spells                             Type                      Level
   a - Summon Small Mammal            Summoning                    1
   b - Call Imp                       Summoning                    2
   c - Call Canine Familiar           Summoning                    3
   d - Summon Guardian Golem          Hexes/Summoning              3
   e - Summon Lightning Spire         Summoning/Air                4
   f - Summon Ice Beast               Ice/Summoning                4
   Trog disapproves of the use of such an item.
 D - a book of Geomancy

   Spells                             Type                      Level
   a - Sandblast                      Earth                        1
   b - Passwall                       Transmutation/Earth          2
   c - Stone Arrow                    Conjuration/Earth            3
   d - Petrify                        Transmutation/Earth          4
   e - Lee's Rapid Deconstruction     Earth                        5
   Trog disapproves of the use of such an item.
 R - the Tome of Entrancing Calling
   (You found it on level 7 of the Dungeon)

   Spells                             Type                      Level
   a - Confusing Touch                Hexes                        1
   b - Summon Butterflies             Summoning                    1
   c - Summon Small Mammal            Summoning                    1
   d - Tukima's Dance                 Hexes                        3
   e - Summon Ice Beast               Ice/Summoning                4
   f - Metabolic Englaciation         Hexes/Ice                    5
   g - Summon Forest                  Summoning/Translocation      5
   Trog disapproves of the use of such an item.
 T - a book of Party Tricks

   Spells                             Type                      Level
   a - Summon Butterflies             Summoning                    1
   b - Apportation                    Translocation                1
   c - Lesser Beckoning               Translocation                3
   d - Tukima's Dance                 Hexes                        3
   e - Alistair's Intoxication        Transmutation/Poison         5
   f - Invisibility                   Hexes                        6
   Trog disapproves of the use of such an item.
Comestibles
 c - 8 bread rations
 m - 8 fruits
 o - 2 meat rations
 N - 3 beef jerkies
 O - 7 slices of pizza
 U - 19 chunks of flesh


   Skills:
 - Level 9.0 Fighting
 * Level 12.8 Short Blades
 + Level 8.4 Armour
 + Level 3.4 Dodging


You had 11 spell levels left.
You didn't know any spells.

Dungeon Overview and Level Annotations

Branches:
Dungeon (12/15)            Temple (0/1) D:7            Lair (0/6) D:10
    Orc (0/2) D:11

Altars:
Fedhas
Gozag
Kikubaaqudgha
Makhleb
Nemelex Xobeh
Qazlal
Ru
Zin
The Shining One

Shops:
D:4 (   D:6 !   D:12 =

Annotations:
D:6 exclusion: oklob plant


Innate Abilities, Weirdness & Mutations

You have razor-sharp teeth.
You heal very quickly.
When hurt, damage is shared between your health and your magic reserves.
Your bite disrupts and absorbs the magic of your enemies.
Potions and wands cannot restore your health.
You are immune to rotting.


Message History

The deep elf mage gestures at you while chanting.
The stone arrow misses you.
You miss the red devil. Your bite misses the red devil.
The deep elf mage casts a spell at you. The bolt of magma hits you!
You partially resist.
The red devil hops backward while attacking.
The red devil barely misses you.
The red devil hops backward while attacking.
The red devil hits you but does no damage.
The deep elf mage hits you but does no damage.
You barely miss the deep elf mage. Your bite misses the deep elf mage.
The red devil hits you from afar with a trident.
You puncture the deep elf mage!
The deep elf mage's magic leaks into the air.
The deep elf mage is moderately wounded.
The deep elf mage mumbles some strange words.
The deep elf mage blinks!
The earth elemental hits you!!
* * * LOW HITPOINT WARNING * * *
The red devil hits you from afar with a trident!
You die...

#...#+##+# #.....#######
#.........
#..........(###.........
#..............(........
#.......................
#...............(.......
#....4...#######)###.<..
#......E.#.........#....
#....E§@.#.........#....
#........#.........#####
#......................#
..e..≈≈.#.#.≈≈.........#
.....≈..#.#..≈.........#
.......##.##...........#
.....###..)###.........#
.........)......########
....###...###..#


You could see 2 earth elementals, a deep elf mage and a red devil.

Vanquished Creatures
  Fannar (D:10)
  A catoblepas (D:12)
  Erica (D:10)
  Urug (D:11)
  A hill giant (D:10)
  A cyclops (D:12)
  An ugly thing (D:11)
  3 red devils (D:12)
  3 two-headed ogres
  3 trolls
  Prince Ribbit (D:6)
  A wraith (D:12)
  A wyvern (D:12)
  15 yaks
  3 hogs (D:7)
  A human (D:7)
  Eustachio (D:6)
  Grum (D:10)
  A hungry ghost (D:11)
  A hornet zombie (D:8)
  A black bear (D:8)
  4 ice beasts
  4 orc warriors
  A necrophage (D:11)
  2 sky beasts (D:9)
  3 ogres
  5 phantoms
  2 wolves (D:10)
  3 centaurs
  12 bullfrogs
  3 big kobolds
  A gnoll sergeant (D:11)
  3 scorpions
  3 troll zombies (D:11)
  7 killer bees
  5 wights
  2 howler monkeys (D:10)
  3 crimson imps
  A centaur zombie (D:9)
  2 quasits
  5 hounds
  2 centaur skeletons
  10 orc priests
  9 jellies
  21 orc wizards
  A bullfrog skeleton (D:6)
  An iguana (D:10)
  9 worker ants
  An ogre zombie (D:11)
  A mummy (D:4)
  2 hound zombies
  A hound skeleton (D:11)
  Robin (D:1)
  9 gnolls
  10 adders
  2 howler monkey skeletons
  3 shadow imps
  An adder skeleton (D:7)
  An adder zombie (D:5)
  A worm (D:4)
  A dart slug (D:3)
  9 leopard geckos
  61 orcs
  6 bats
  A giant cockroach (D:3)
  17 goblins
  13 hobgoblins
  2 jackals (D:1)
  2 quokkas
  3 ball pythons
  5 frilled lizards
  A goblin skeleton (D:11)
  A goblin zombie (D:11)
  4 hobgoblin zombies
  13 kobolds
  2 kobold zombies (D:4)
  A leopard gecko zombie (D:7)
  An orc skeleton (D:11)
  7 orc zombies (D:11)
  A quokka skeleton (D:9)
  11 rats
  A fungus (D:10)
363 creatures vanquished.

Vanquished Creatures (collateral kills)
  2 hungry ghosts (D:11)
  A phantom (D:11)
  An orc priest (D:11)
  2 ogre zombies (D:11)
  A goblin skeleton (D:11)
  An orc skeleton (D:11)
  4 orc zombies (D:11)
12 creatures vanquished.

Vanquished Creatures (others)
  4 toadstools (D:1)
4 creatures vanquished.

Grand Total: 379 creatures vanquished

Notes
Turn   | Place    | Note
-------+----------+-------------------------------------------
     0 | D:1      | Jerry the Vine Stalker Berserker began the quest for the Orb.
     0 | D:1      | Reached XP level 1. HP: 11/11 MP: 2/2
   122 | D:1      | Reached XP level 2. HP: 6/16 MP: 3/3
   199 | D:1      | Reached skill level 3 in Short Blades
   764 | D:1      | Reached XP level 3. HP: 14/19 MP: 1/4
  1180 | D:2      | Noticed Robin
  1185 | D:1      | Reached ** piety under Trog
  1363 | D:1      | Killed Robin
  1364 | D:1      | Gained mutation: Your natural rate of healing is unusually fast. [Vine Stalker growth]
  1364 | D:1      | Reached XP level 4. HP: 24/24 MP: 5/5
  1786 | D:2      | Found a glowing silver altar of Zin.
  1855 | D:3      | Reached XP level 5. HP: 28/28 MP: 6/6
  2020 | D:3      | Reached skill level 4 in Short Blades
  2025 | D:3      | Reached *** piety under Trog
  2040 | D:3      | Found a burning altar of Makhleb.
  2042 | D:3      | Noticed a balrug
  2092 | D:3      | Found a sparkling altar of Nemelex Xobeh.
  2382 | D:3      | Reached XP level 6. HP: 31/33 MP: 7/7
  2651 | D:3      | Found a faded altar of an unknown god.
  2651 | D:3      | Found an ancient bone altar of Kikubaaqudgha.
  2656 | D:3      | Found a faded altar of an unknown god.
  2658 | D:3      | Found a faded altar of an unknown god.
  2659 | D:3      | Found a faded altar of an unknown god.
  2838 | D:4      | Reached skill level 5 in Short Blades
  2965 | D:4      | Found Etosin's Antique Weapon Shoppe.
  3104 | D:4      | Reached XP level 7. HP: 33/37 MP: 8/8
  3449 | D:4      | Reached skill level 6 in Short Blades
  3475 | D:5      | Entered Level 5 of the Dungeon
  3654 | D:5      | Found an opulent altar of Gozag.
  3673 | D:5      | Gained mutation: You have razor-sharp teeth. [Vine Stalker growth]
  3673 | D:5      | Reached XP level 8. HP: 42/42 MP: 9/9
  3784 | D:5      | Found a stormy altar of Qazlal.
  3893 | D:5      | Reached **** piety under Trog
  3910 | D:5      | Reached skill level 5 in Fighting
  4095 | D:5      | Found a sacrificial altar of Ru.
  4216 | D:5      | Reached skill level 7 in Short Blades
  4630 | D:6      | Found a sparkling altar of Nemelex Xobeh.
  4842 | D:6      | Found Cimmyquy's Distillery.
  4846 | D:6      | Bought a potion of haste for 130 gold pieces
  4846 | D:6      | Bought a potion of ambrosia for 104 gold pieces
  4846 | D:6      | Bought a potion of curing for 39 gold pieces
  4999 | D:6      | Found a blossoming altar of Fedhas.
  5010 | D:6      | Noticed an oklob plant
  5027 | D:6      | Noticed Eustachio
  5032 | D:6      | Killed Eustachio
  5032 | D:6      | Reached skill level 5 in Armour
  5032 | D:6      | Reached XP level 9. HP: 48/48 MP: 10/10
  5175 | D:6      | Reached skill level 8 in Short Blades
  5186 | D:6      | Noticed Prince Ribbit
  5203 | D:6      | Killed Prince Ribbit
  5673 | D:7      | Found a staircase to the Ecumenical Temple.
  5826 | D:7      | Got a shimmering scale mail
  5837 | D:7      | Identified the +2 scale mail of Knowledge {rPois rF+ rC+ rN+} (You found it on level 7 of the Dungeon)
  5849 | D:7      | Found a large runed door.
  5849 | D:7      | Found a large runed door.
  6010 | D:7      | Found a large runed door.
  6010 | D:7      | Found a large runed door.
  6115 | D:7      | Reached skill level 9 in Short Blades
  6126 | D:7      | Reached XP level 10. HP: 53/53 MP: 11/11
  6256 | D:7      | Got a sparkling lead ring
  6345 | D:7      | Identified the Tome of Entrancing Calling
  6545 | D:8      | Reached ***** piety under Trog
  6594 | D:8      | Reached skill level 10 in Short Blades
  6795 | D:8      | Received a gift from Trog
  7268 | D:8      | Got a faintly glowing rapier {god gift}
  7269 | D:8      | Identified the +12 rapier "Hydrabane" {antimagic, *Contam Int+9} (Trog gifted it to you on level 8 of the Dungeon)
  7280 | D:8      | Identified the ring of Rausapit {rElec rC+ rN+ MR+ Dex-4} (You took it off an orc wizard on level 7 of the Dungeon)
  7727 | D:9      | Found a sparkling altar of Nemelex Xobeh.
  7727 | D:9      | Found a glowing golden altar of the Shining One.
  7989 | D:10     | Entered Level 10 of the Dungeon
  8027 | D:10     | Noticed Grum
  8042 | D:10     | Killed Grum
  8126 | D:10     | Found a staircase to the Lair.
  8179 | D:10     | Reached XP level 11. HP: 57/60 MP: 4/12
  8183 | D:10     | Reached skill level 11 in Short Blades
  8300 | D:10     | Noticed a hill giant
  8313 | D:10     | Killed a hill giant
  8481 | D:10     | Noticed Fannar
  8490 | D:10     | Killed Fannar
  8600 | D:10     | Noticed Erica
  8609 | D:10     | Killed Erica
  8949 | D:11     | Received a gift from Trog
  8951 | D:11     | Found a staircase to the Orcish Mines.
  9153 | D:11     | Noticed Urug
  9169 | D:11     | Killed Urug
  9169 | D:11     | Reached skill level 12 in Short Blades
  9434 | D:11     | Noticed a white ugly thing
  9437 | D:11     | Killed a white ugly thing
  9756 | D:11     | Gained mutation: You heal very quickly. [Vine Stalker growth]
  9756 | D:11     | Reached XP level 12. HP: 42/66 MP: 1/13
  9810 | D:12     | Noticed a catoblepas
  9820 | D:12     | Killed a catoblepas
  9874 | D:12     | Found Uphinit's Jewellery Emporium.
  9996 | D:12     | Received a gift from Trog
 10079 | D:12     | Slain by a red devil

Skill      XL: |  1  2  3  4  5  6  7  8  9 10 11 12 |
---------------+-------------------------------------+-----
Short Blades   | 3 4 5 6 7 9 10 12 | 12.8
Armour         | 2 3 4 5 6 7 8 |  8.4
Fighting       | 3 4 5 6 8 9 |  9.0
Dodging        | 2 3 |  3.4

Action                   |  1- 3 |  4- 6 |  7- 9 | 10-12 || total
-------------------------+-------+-------+-------+-------++-------
Melee: Short sword       |    89 |   118 |       |       ||   207
       Bite              |    20 |    53 |   143 |   178 ||   394
       Dagger            |       |    32 |   360 |   203 ||   595
       Rapier            |       |       |       |   357 ||   357
Invok: Berserk           |     5 |     6 |     4 |     9 ||    24
       Trog's Hand       |       |       |     1 |     3 ||     4
       Brothers in Arms  |       |       |       |     2 ||     2
  Use: Scroll            |     1 |     2 |       |       ||     3
  Eat: Chunk             |     5 |    12 |    12 |    19 ||    48
       Fruit             |       |       |     1 |     3 ||     4
       Beef jerky        |       |       |       |     1 ||     1
       Pizza             |       |       |       |     1 ||     1
Armor: Animal skin       |     9 |       |       |       ||     9
       Ring mail         |    13 |    53 |    28 |       ||    94
       Chain mail        |       |       |    60 |       ||    60
       Ice dragon scales |       |       |    19 |       ||    19
       Scale mail        |       |       |     7 |   168 ||   175
Dodge: Dodged            |    62 |    89 |   111 |   167 ||   429
